 Dungeon Crawl Stone Soup version 0.29-a0-380-gf50f0a9fbc (webtiles) character file.

Game seed: 6349593904161135702

16 Antichthon the Skirmisher (level 2, -1/24 HPs)
             Began as a Formicid Abyssal Knight on May 5, 2022.
             Was a Believer of Lugonu.
             Killed from afar by a dart slug (5 damage)
             ... with a slug dart
             ... on level 1 of the Dungeon.
             The game lasted 00:01:17 (583 turns).

Antichthon the Skirmisher (Formicid Abyssal Knight)  Turns: 583, Time: 00:01:17

Health: -1/24      AC:  3    Str: 17    XL:     2   Next: 75%
Magic:  3/3        EV: 11    Int:  9    God:    Lugonu [**....]
Gold:   24         SH:  0    Dex: 11    Spells: 1/1 levels left

rFire   . . .      SeeInvis +   a - +1 falchion
rCold   . . .      Faith    .   (no shield)
rNeg    . . .      Spirit   .   b - +0 leather armour
rPois   .          Reflect  .   (helmet unavailable)
rElec   .          Harm     .   (no cloak)
rCorr   .          Rampage  .   (no gloves)
Will    .....                   (no boots)
Stlth   +.........              (no amulet)
HPRegen 0.08/turn               (no ring)
MPRegen 0.08/turn               (no ring)

@: no status effects
A: permanent stasis, dig shafts and tunnels, antennae 3, four strong arms
a: Dig, Shaft Self, Renounce Religion, Depart the Abyss, Bend Space


You were on level 1 of the Dungeon.
You worshipped Lugonu.
Lugonu was pleased with you.
You visited 1 branch of the dungeon, and saw 1 of its levels.
You visited the Abyss 1 time.

You collected 24 gold pieces.

Inventory:

Hand Weapons
 a - a +1 falchion (weapon)
Armour
 b - a +0 leather armour (worn)
Scrolls
 c - 2 scrolls of teleportation {unknown}
Potions
 d - a potion of might {unknown}
 e - a potion of degeneration {unknown}
 f - a potion of heal wounds {unknown}


   Skills:
 - Level 3.2 Fighting
 - Level 2.0 Long Blades
 * Level 2.1 Crossbows
 - Level 2.1 Armour
 - Level 0.8 Dodging
 - Level 2.1 Invocations


You had one spell level left.
You didn't know any spells.
Your spell library contained the following spells:

 Spells                   Type           Power      Damage    Failure   Level
 Beastly Appendage        Tmut           0%         N/A       43%         1
 Wereblood                Tmut           0%         N/A       58%         2
 Spider Form              Tmut/Pois      0%         N/A       82%         3


Dungeon Overview and Level Annotations

Branches:
Dungeon (1/15)

Altars:


Innate Abilities, Weirdness & Mutations

You cannot be hasted, slowed, berserked, paralysed or teleported.
You can dig through walls and to a lower floor.
You have a pair of large antennae on your head. (SInv)
Your four strong arms can wield two-handed weapons with a shield.


Message History

You barely miss the bat. Your punch misses the bat. The bat closely misses you.
The goblin hits you with a +0 dagger.
You hit the bat.
The bat is severely wounded.
The bat barely misses you. The bat hits you. The goblin closely misses you.
The dart slug briefly extends its eye-stalks.
The goblin hits you with a +0 dagger. The bat misses you.
You hit the bat.
You kill the bat!
Lugonu accepts your kill. The goblin hits you with a +0 dagger.
The dart slug launches a dart at you. The slug dart hits you.
The goblin hits you with a +0 dagger.
* * * LOW HITPOINT WARNING * * *
You see here a bat corpse.
You closely miss the goblin. The goblin closely misses you.
You hit the dart slug.
The dart slug is moderately wounded.
The goblin hits you with a +0 dagger.
* * * LOW HITPOINT WARNING * * *
The dart slug launches a dart at you. The slug dart misses you.
You hit the dart slug.
The dart slug is severely wounded.
The goblin closely misses you.
You hit the dart slug.
The dart slug is severely wounded.
The goblin hits you but does no damage. The dart slug closely misses you.
The goblin hits you with a +0 dagger.
* * * LOW HITPOINT WARNING * * *
Unknown command.
You hit the dart slug.
The dart slug is almost dead.
The dart slug bites you but does no damage.
The goblin closely misses you.
You hit the dart slug but do no damage.
The dart slug is almost dead.
The dart slug launches a dart at you. The slug dart hits you.
You die...

#.##.#.......##......##
#.##.#.....#.##......#.
#####.##.#..[..#...........
#....)##.......#...........
#####.#.)....#.....#......>....
#.......####...####......†)....
#......## ##..# #>...........
#......# #..# #.#......>...
#......# #g@# #............
#......# ##w###......###....
######## #....$...... ....
#........... .>.. #?..........
.... ...#.##....# ..###.# ....#
### #.# ...# #.. ##..


You could see a dart slug and a goblin.

Vanquished Creatures
  A ball python (D:1)
  2 endoplasms (D:1)
  4 goblins (D:1)
  2 quokkas (D:1)
  3 bats (D:1)
  2 rats (D:1)
14 creatures vanquished.

Notes
Turn   | Place    | Note
-------+----------+-------------------------------------------
     0 | Abyss:1  | Antichthon the Formicid Abyssal Knight began the quest for
                  | the Orb.
     0 | Abyss:1  | Reached XP level 1. HP: 18/18 MP: 2/2
     0 | D:1      | Escaped the Abyss
    73 | D:1      | Reached skill level 1 in Crossbows
   266 | D:1      | Reached ** piety under Lugonu
   271 | D:1      | Reached XP level 2. HP: 19/24 MP: 3/3
   583 | D:1      | Killed from afar by a dart slug

Illustrated notes

Levels and vault maps discovered:
D:1:      lemuel_arrival_funnel, layout_rooms

Skill      XL: |  1  2 |
---------------+-------+-----
Crossbows      | 1 2 |  2.1
Fighting       | |  3.2
Long Blades    | |  2.0
Armour         | |  2.1
Dodging        | |  0.8
Invocations    | |  2.1

Action                   || total
-------------------------++-------
Melee: Falchion          ||    37
Invok: Depart the Abyss  ||     1
Armor: Leather armour    ||    15
Dodge: Dodged            ||    41

Table legend: (Time is in decaauts)
 A = Elapsed time spent in this place.
 B = Non-inter-level travel time spent in this place.
 C = Inter-level travel time spent in this place.
 D = Time resting spent in this place.
 E = Time spent auto-exploring this place.
 F = Levels seen in this place.
 G = Mean time per level.
                   A        B        C        D        E       F      G
               +--------+--------+--------+--------+--------+-----+--------+
         Total |    590 |    590 |      0 |      0 |    479 |   2 |  295.0 |
       Dungeon |    590 |    590 |      0 |      0 |    479 |   1 |  590.0 |
         Abyss |      0 |      0 |      0 |      0 |      0 |   1 |    0.0 |
               +--------+--------+--------+--------+--------+-----+--------+

Top non-repeatable levels by time:
     D:1: 590 daAuts
